 Dungeon Crawl Stone Soup version 0.16.2-12-gd0ad4c3 (webtiles) character file.

61 Kloppie the Sneak (level 3, 0/14 HPs)
             Began as a Felid Ice Elementalist on Nov 2, 2015.
             Succumbed to an adder's poison
             ... on level 2 of the Dungeon.
             The game lasted 00:06:59 (1976 turns).

Kloppie the Sneak (Felid Ice Elementalist)          Turns: 1976, Time: 00:07:00

Health: 0/14       AC:  1    Str:  5    XL:     3   Next: 83%
Magic:  8/8        EV: 18    Int: 16    God:
Gold:   108        SH:  0    Dex: 16    Spells: 3 memorised, 0 levels left
                                        Lives:  0   Deaths: 0

rFire  . . .     SeeInvis +     (weapon unavailable)
rCold  . . .     Clarity  .     (armour unavailable)
rNeg   . . .     SustAb   .     (shield unavailable)
rPois  .         Gourm    .     (helmet unavailable)
rElec  .         Spirit   .     (cloak unavailable)
rCorr  .         Warding  .     (gloves unavailable)
rMut   .         Stasis   .     (boots unavailable)
MR     .....                    (no amulet)
Stlth  ++++......               (no ring)
                                (no ring)

@: lethally poisoned (0 -> -5), quick, not resistant to hostile enchantments,
stealthy
A: paw claws, no armour, no weapons or thrown items, fangs 3, see invisible,
carnivore 3, speed 1, shaggy fur 1, slow metabolism 1, sharp paws
a: no special abilities


You were on level 2 of the Dungeon.
You were very full.

You visited 1 branch of the dungeon, and saw 2 of its levels.

You collected 108 gold pieces.

Inventory:

Scrolls
 e - 4 scrolls of teleportation {unknown}
 f - 2 scrolls of noise {unknown}
 g - a scroll of magic mapping {unknown}
 h - a scroll of recharging {unknown}
 i - a scroll of enchant armour {unknown}
 j - a scroll of identify {unknown}
Potions
 a - a potion of magic
 d - 2 potions of resistance
Books
 b - a book of Frost

   Spells                             Type                      Level
   a - Freeze                         Ice                          1
   b - Throw Frost                    Conjuration/Ice              2
   c - Ozocubu's Armour               Charms/Ice                   3
   d - Throw Icicle                   Conjuration/Ice              4
   e - Summon Ice Beast               Ice/Summoning                4
   f - Condensation Shield            Ice                          4
Comestibles
 c - a meat ration


   Skills:
 - Level 2.6 Dodging
 + Level 4.6 Stealth
 - Level 2.0 Spellcasting
 - Level 0.8 Conjurations
 + Level 3.6 Ice Magic


You couldn't memorise any spells.
You knew the following spells:

 Your Spells              Type           Power        Failure   Level  Hunger
a - Freeze                Ice            ##..         6%          1    #......
b - Throw Frost           Conj/Ice       #.....       14%         2    ###....
c - Ozocubu's Armour      Chrm/Ice       #.......     34%         3    ###....


Dungeon Overview and Level Annotations

Branches:
Dungeon (2/15)

Altars:


Innate Abilities, Weirdness & Mutations

You cannot wear armour.
You are incapable of wielding weapons or throwing items.
You have razor-sharp teeth.
You have supernaturally acute eyesight.
You are carnivorous and can eat meat at any time.
You cover ground quickly.
You are covered in fur (AC +1).
You have a slow metabolism.
Your paws have sharp claws that are effective at stabbing.


Message History

You feel magically purged.
Your resistance to elements expires.
Read which item? (? for menu, Esc to quit)
Okay, then.
* * * LOW HITPOINT WARNING * * *
You feel sick.
Things that are here:
a club; a hobgoblin corpse You see here a quarterstaff.
* * * LOW HITPOINT WARNING * * *
You feel sick.
* * * LOW HITPOINT WARNING * * *
You feel sick.
* * * LOW HITPOINT WARNING * * *
You feel sick.
You see here 2 bubbling white potions.
a - 2 bubbling white potions Drink which item? (? for menu, Esc to quit)
It was a potion of magic.
Magic courses through your body.
You die...

######### ##.......##
#.....<...#
#####........##
######........###..#..###
..))..........w.@........
#####.........######..###
###...>..[..#
#...........#
###.#......$...#
....#.########... .###..#
.?. #..## ... .....(...#
.


You could see a worm.

Vanquished Creatures
  2 adders (D:2)
  A worm (D:2)
  4 giant cockroaches (D:1)
  6 goblins
  3 hobgoblins
  6 jackals
  3 bats
  3 giant newts (D:2)
  3 kobolds (D:1)
  5 rats
36 creatures vanquished.

Notes
Turn   | Place    | Note
--------------------------------------------------------------
     0 | D:1      | Kloppie, the Felid Ice Elementalist, began the quest for the Orb.
     0 | D:1      | Reached XP level 1. HP: 7/7 MP: 4/4
   342 | D:1      | Reached skill level 3 in Stealth
   430 | D:1      | Reached XP level 2. HP: 11/11 MP: 5/5
   485 | D:1      | Learned a level 2 spell: Throw Frost
  1479 | D:2      | Reached XP level 3. HP: 14/14 MP: 0/8
  1498 | D:2      | Learned a level 3 spell: Ozocubu's Armour
  1607 | D:2      | Reached skill level 4 in Stealth
  1976 | D:2      | Succumbed to an adder's poison

Action                   || total
-------------------------++-------
Melee: Unarmed           ||    78
 Cast: Freeze            ||    28
       Throw Frost       ||     3
  Use: Potion            ||     3
 Stab: Sleeping          ||     6
  Eat: Chunk             ||     9
